 Dungeon Crawl Stone Soup version 0.17-a0-2030-g9ce824c (webtiles) character file.

7547 Oddball22 the Summoner (level 10, -4/50 HPs)
             Began as a Deep Elf Summoner on Oct 11, 2015.
             Was an Elder of Sif Muna.
             Killed by Ozocubu's Refrigeration
             ... invoked by Fannar
              (20 damage)
             ... on level 11 of the Dungeon.
             The game lasted 00:45:51 (10368 turns).

Oddball22 the Summoner (Deep Elf Summoner)         Turns: 10368, Time: 00:45:52

Health: -4/50      AC:  7    Str:  5    XL:     10   Next: 96%
Magic:  0/25       EV: 13    Int: 24    God:    Sif Muna [****..]
Gold:   612        SH:  0    Dex: 15    Spells: 6 memorised, 11 levels left

rFire  + . .     SeeInvis +     l - +3 spear (distort)
rCold  . . .     Clarity  .     Z - +1 robe {rC+}
rNeg   . . .     SustAt   .     (no shield)
rPois  .         Gourm    .     (no helmet)
rElec  .         Spirit   .     d - +0 cloak
rCorr  .         Warding  .     e - +0 pair of gloves
rMut   .         Stasis   .     m - +1 pair of boots
MR     ++...                    F - amulet of regeneration
Stlth  +++.......               D - ring of protection from magic
                                Y - ring of Qazlal's Displeasure {Fire *Contam +Inv Slay+5 SInv}

@: very resistant to hostile enchantments, fairly stealthy
A: no striking features
a: Channel Energy, Forget Spell, Renounce Religion, Evoke Invisibility


You were on level 11 of the Dungeon.
You worshipped Sif Muna.
Sif Muna was greatly pleased with you.
You were not hungry.

You visited 2 branches of the dungeon, and saw 12 of its levels.

You collected 612 gold pieces.

Inventory:

Hand Weapons
 l - a +3 spear of distortion (weapon)
 K - a +1 whip of venom
Armour
 d - a +0 cloak (worn)
 e - a +0 pair of gloves (worn)
 m - a +1 pair of boots (worn)
 Z - a +1 robe of cold resistance (worn)
Magical Staves
 C - an uncursed staff of poison
 S - an uncursed staff of air
Rods
 L - a +0 rod of inaccuracy (14/14)
   (You found it on level 11 of the Dungeon)
Jewellery
 f - an uncursed ring of invisibility
 j - a cursed ring of teleportation
 D - a ring of protection from magic (right hand)
 E - an uncursed ring of flight
 F - an amulet of regeneration (around neck)
 J - an uncursed ring of flight
 M - an uncursed ring of flight
 Y - the ring of Qazlal's Displeasure (left hand) {Fire *Contam +Inv Slay+5 SInv}
   (You found it on level 8 of the Dungeon)

   [ring of fire]

   It enhances your fire magic, and weakens your ice magic.
   It affects your accuracy and damage with ranged weapons and melee attacks
   (+5).
   It protects you from fire.
   It makes you vulnerable to cold.
   It lets you see invisible.
   It lets you turn invisible.
   It causes magical contamination when unequipped.
Wands
 B - a wand of draining (9)
 H - a wand of fire (6)
 I - a wand of draining (7)
 N - a wand of lightning (3)
 T - a wand of polymorph (15)
 W - a wand of slowing (36)
Scrolls
 g - 4 scrolls of teleportation
 o - 4 scrolls of remove curse
 q - a scroll of magic mapping
 v - a scroll of fog
 w - a scroll of recharging
 A - 2 scrolls of fear
 V - a scroll of enchant armour
Potions
 h - a potion of haste
 k - a potion of magic
 p - a potion of resistance
 s - a potion of curing
 x - a potion of degeneration {unknown}
Books
 a - a book of Hinderance

   Spells                             Type                      Level
   a - Confusing Touch                Hexes                        2
   b - Confuse                        Hexes                        3
   c - Gell's Gravitas                Hexes/Translocation          3
   d - Petrify                        Transmutation/Earth          4
   e - Metabolic Englaciation         Hexes/Ice                    5
 b - a book of Callings

   Spells                             Type                      Level
   a - Summon Small Mammal            Summoning                    1
   b - Call Imp                       Summoning                    2
   c - Call Canine Familiar           Summoning                    3
   d - Summon Guardian Golem          Hexes/Summoning              3
   e - Summon Lightning Spire         Summoning/Air                4
   f - Summon Ice Beast               Ice/Summoning                4
 y - a book of Conjurations

   Spells                             Type                      Level
   a - Magic Dart                     Conjuration                  1
   b - Searing Ray                    Conjuration                  2
   c - Dazzling Spray                 Conjuration/Hexes            3
   d - Fulminant Prism                Conjuration/Hexes            4
   e - Iskenderun's Mystic Blast      Conjuration                  4
   f - Iskenderun's Battlesphere      Conjuration/Charms           5
 O - a book of Transfigurations

   Spells                             Type                      Level
   a - Stoneskin                      Transmutation/Earth          2
   b - Irradiate                      Conjuration/Transmutation    5
   c - Statue Form                    Transmutation/Earth          6
   d - Hydra Form                     Transmutation                6
   e - Dragon Form                    Transmutation                7
 P - a book of Ice

   Spells                             Type                      Level
   a - Ice Form                       Ice/Transmutation            4
   b - Metabolic Englaciation         Hexes/Ice                    5
   c - Ozocubu's Refrigeration        Ice                          6
   d - Bolt of Cold                   Conjuration/Ice              6
   e - Freezing Cloud                 Conjuration/Ice/Air          6
   f - Simulacrum                     Ice/Necromancy               6
Miscellaneous
 U - a legendary deck of destruction
Comestibles
 c - 9 bread rations
 i - 10 meat rations
 n - 3 slices of pizza
 r - a beef jerky
 t - 2 royal jellies
 z - 6 fruits
 G - a chunk of flesh


   Skills:
 - Level 2.4 Dodging
 + Level 6.0 Stealth
 + Level 9.9 Spellcasting
 - Level 5.9 Hexes
 * Level 11.4 Summonings
 - Level 6.0 Ice Magic
 - Level 5.4 Air Magic
 + Level 4.0 Invocations
 + Level 4.6 Evocations


You had 11 spell levels left.
You knew the following spells:

 Your Spells              Type           Power        Failure   Level  Hunger
a - Summon Small Mammal   Summ           ####         1%          1    None
b - Call Imp              Summ           ######..     1%          2    None
c - Call Canine Familiar  Summ           ######..     1%          3    None
d - Summon Guardian Gole  Hex/Summ       ######..     1%          3    None
e - Summon Ice Beast      Ice/Summ       ####....     1%          4    #......
f - Summon Lightning Spi  Summ/Air       ######..     1%          4    #......


Dungeon Overview and Level Annotations

Branches:
Dungeon (11/15)            Temple (1/1) D:7            Lair (0/8) D:10
    Orc (0/4) D:10

Altars:
Cheibriados
Dithmenos
Fedhas
Gozag
Kikubaaqudgha
Nemelex Xobeh
Okawaru
Qazlal
Sif Muna
Trog
Xom
Yredelemnul
Zin

Shops:
D:6 }   D:9 [

Annotations:
D:11 exclusion: 2 statues, Fannar
Abyss:1 Eustachio


Message History

Fannar casts a spell.
Fannar blinks!
You swap places.
Your lightning spire disappears in a puff of smoke!
The ice beast barely misses you.
Your ice beast hits the ice beast but does no damage.
Fannar casts a spell.
Fannar drains the heat from the surrounding environment!
You feel very cold.
Your warg and Fannar are frozen.
Fannar resists.
Casting: Call Canine Familiar
Confirm with . or Enter, or press ? or * to list all spells.
Aiming: Summon Lightning Spire
Press: ? - help, Dir - move target cursor, p - Fannar An electric hum fills the air.
The ice beast barely misses you.
Your ice beast hits the ice beast.
Your ice beast freezes the ice beast.
The ice beast completely resists.
Fannar casts a spell.
Fannar drains the heat from the surrounding environment!
You feel very cold.
You die...

..............# #............
..............#.....#............
###############.....######......#
......# ................#......#
......# ................#......#
......# ................#......#
......# .......§........#..<...#
.)....# ......YY...he...#......#
....<.# ......§@.8....(.#......#
......##############.#...##.....#
......#.......#....8.#....#.....#
..............#......#....#.....#
..............#......#....#.....#
..............#......#....#.....#
..............#......#....#.....#
..............#......#....#..(..#
.....)).......#......#....#.....#


You could see Fannar, an ice beast, a friendly warg, a friendly ice beast and a
friendly lightning spire.

Vanquished Creatures
  An unseen horror (D:11)
  A yak (D:10)
  2 deep elf magi
  A hungry ghost (D:8)
  Edmund (D:4)
  A water moccasin (D:10)
  A black bear (D:9)
  A necrophage (D:9)
  A phantom (D:5)
  A sky beast (D:8)
  A giant frog (D:9)
  A wyvern skeleton (D:7)
  2 scorpions
  2 killer bees
  A giant frog zombie (D:11)
  An orc wizard (D:6)
  A hound (D:8)
  4 jellies
  A giant frog skeleton (D:10)
  3 orc priests
  3 iguanas
  4 worker ants
  A hound zombie (D:6)
  A gnoll (D:2)
  5 adders
  A shadow imp (D:10)
  3 adder zombies
  An adder skeleton (D:9)
  2 worms
  4 giant geckos
  3 orcs
  3 ball pythons
  8 bats
  8 giant cockroaches
  4 goblins
  3 hobgoblins
  A jackal (D:5)
  A kobold (D:2)
  2 quokkas
  3 giant newts
  A quokka skeleton (D:6)
  3 rats
93 creatures vanquished.

Vanquished Creatures (collateral kills)
  Erica (D:8)
  Sonja (D:11)
  3 hill giants
  A cyclops (D:11)
  Joseph (D:8)
  An efreet (D:11)
  A troll (D:10)
  A shadow (D:9)
  A spriggan (D:11)
  2 wraiths
  A deep elf mage (D:11)
  7 yaks
  A hippogriff (D:7)
  2 orc warriors
  A necrophage (D:11)
  3 ogres
  A black bear (D:6)
  6 centaurs
  3 phantoms
  3 ice beasts
  6 giant frogs
  A crocodile (D:8)
  A gnoll sergeant (D:9)
  A wyvern skeleton (D:9)
  A big kobold (D:9)
  A scorpion (D:6)
  3 wights (D:11)
  3 killer bees (D:7)
  2 giant frog zombies
  3 crimson imps
  2 centaur zombies
  3 hounds
  Ijyb (D:6)
  A jelly (D:10)
  2 orc priests
  3 orc wizards
  7 worker ants
  Jessica (D:2)
  A giant frog skeleton (D:6)
  An iguana (D:10)
  2 hound zombies
  A hound skeleton (D:10)
  5 gnolls
  7 adders
  A shadow imp (D:8)
  An ooze (D:1)
  4 worms
  An adder skeleton (D:4)
  2 giant geckos
  13 orcs
  A ball python (D:2)
  4 bats
  2 giant cockroaches
  5 hobgoblins
  13 kobolds
  A giant newt (D:1)
  A goblin (D:1)
  10 jackals
  2 rats (D:3)
161 creatures vanquished.

Vanquished Creatures (others)
  A hound skeleton (D:6)
  An orc (D:11)
  A giant gecko (D:3)
3 creatures vanquished.

Grand Total: 257 creatures vanquished

Notes
Turn   | Place    | Note
--------------------------------------------------------------
     0 | D:1      | Oddball22 the Deep Elf Summoner began the quest for the Orb.
     0 | D:1      | Reached XP level 1. HP: 10/10 MP: 6/6
   207 | D:1      | Reached XP level 2. HP: 15/15 MP: 4/8
   416 | D:1      | Learned a level 2 spell: Call Imp
   840 | D:1      | Reached XP level 3. HP: 19/19 MP: 7/10
   845 | D:1      | Learned a level 3 spell: Call Canine Familiar
   849 | D:1      | Learned a level 3 spell: Summon Guardian Golem
  1063 | D:2      | Found a basalt altar of Yredelemnul.
  1141 | D:2      | Reached skill level 1 in Evocations
  1251 | D:2      | Noticed Jessica
  1253 | D:2      | Killed Jessica
  1323 | D:2      | Reached XP level 4. HP: 24/24 MP: 8/12
  1462 | D:2      | Found an ancient bone altar of Kikubaaqudgha.
  1655 | D:2      | Found a bloodstained altar of Trog.
  1855 | D:3      | Reached skill level 5 in Spellcasting
  1905 | D:3      | Found a shadowy altar of Dithmenos.
  1905 | D:3      | Noticed Ijyb
  2517 | D:3      | Learned a level 4 spell: Summon Ice Beast
  2551 | D:4      | Reached XP level 5. HP: 28/28 MP: 13/15
  2594 | D:4      | Noticed an ogre
  2608 | D:4      | Reached skill level 5 in Summonings
  2616 | D:4      | Found a snail-covered altar of Cheibriados.
  2640 | D:4      | Reached skill level 6 in Spellcasting
  2700 | D:4      | Noticed Eustachio
  2726 | D:4      | Killed an ogre
  2726 | D:4      | Reached XP level 6. HP: 32/32 MP: 5/17
  2811 | D:4      | Noticed Edmund
  2829 | D:4      | Banished Eustachio
  2829 | D:4      | Reached skill level 7 in Spellcasting
  2840 | D:4      | Killed Edmund
  2840 | D:4      | Reached skill level 8 in Spellcasting
  3023 | D:4      | Found a blossoming altar of Fedhas.
  3032 | D:4      | Found an opulent altar of Gozag.
  3033 | D:4      | Found a stormy altar of Qazlal.
  3245 | D:4      | Found an iron altar of Okawaru.
  3258 | D:4      | Reached XP level 7. HP: 36/36 MP: 20/20
  3314 | D:4      | Learned a level 4 spell: Summon Lightning Spire
  3386 | D:5      | Entered Level 5 of the Dungeon
  3704 | D:5      | Reached skill level 1 in Hexes
  3792 | D:5      | Reached skill level 1 in Air Magic
  4085 | D:5      | Reached skill level 1 in Ice Magic
  4495 | D:6      | Found Xepnem's Gadget Shoppe.
  4721 | D:6      | Killed Ijyb
  4947 | D:6      | Reached XP level 8. HP: 41/41 MP: 18/22
  5651 | D:7      | Found a staircase to the Ecumenical Temple.
  5684 | Temple   | Entered the Ecumenical Temple
  5737 | Temple   | Became a worshipper of Sif Muna the Loreminder
  6191 | D:8      | Got a faintly glowing ivory ring
  6193 | D:8      | Identified the ring of Qazlal's Displeasure {Fire *Contam +Inv Slay+5 SInv} (You found it on level 8 of the Dungeon)
  6294 | D:8      | Noticed a hill giant
  6298 | D:8      | Noticed Erica
  6313 | D:8      | Killed a hill giant
  6313 | D:8      | Acquired Sif Muna's first power
  6319 | D:8      | Killed Erica
  6319 | D:8      | Acquired Sif Muna's second power
  6319 | D:8      | Reached skill level 5 in Hexes
  6319 | D:8      | Reached skill level 9 in Summonings
  6319 | D:8      | Reached XP level 9. HP: 36/45 MP: 5/23
  6333 | D:8      | Noticed Joseph
  6345 | D:8      | Killed Joseph
  6446 | D:8      | Reached skill level 5 in Ice Magic
  6610 | D:8      | Gained mutation: You have a somewhat thin skeletal structure (Dex +2, Stealth). [potion of mutation]
  6610 | D:8      | Gained mutation: You have sharp fingernails. [potion of mutation]
  6610 | D:8      | Lost mutation: You have sharp fingernails. [potion of mutation]
  6631 | D:8      | Lost mutation: You have a somewhat thin skeletal structure (Dex +2, Stealth). [potion of cure mutation]
  6891 | D:9      | Reached skill level 5 in Air Magic
  7447 | D:9      | Found Ofaclobu's Armour Boutique.
  7473 | D:9      | Found a shimmering altar of Xom.
  7474 | D:9      | Found a sparkling altar of Nemelex Xobeh.
  7543 | D:9      | Reached skill level 10 in Summonings
  7543 | D:9      | Reached skill level 1 in Invocations
  7716 | D:10     | Entered Level 10 of the Dungeon
  7737 | D:10     | Found a staircase to the Orcish Mines.
  7966 | D:10     | Found a staircase to the Lair.
  7983 | D:10     | Reached XP level 10. HP: 47/50 MP: 24/24
  8974 | D:11     | HP: 2/50 [centaur/arrow (13)]
  9178 | D:11     | Noticed Sonja
  9189 | D:11     | Killed Sonja
  9214 | D:11     | Reached skill level 5 in Stealth
  9504 | D:11     | Noticed a cyclops
  9511 | D:11     | Acquired Sif Muna's third power
  9756 | D:11     | Noticed an archer statue
  9759 | D:11     | Noticed an archer statue
  9845 | D:11     | Killed a cyclops
  9845 | D:11     | Reached skill level 11 in Summonings
  9876 | D:11     | Noticed a hill giant
  9888 | D:11     | Killed a hill giant
  9960 | D:11     | Noticed a hill giant
  9971 | D:11     | Killed a hill giant
 10270 | D:11     | Noticed an unseen horror
 10275 | D:11     | Killed an unseen horror
 10349 | D:11     | Noticed Fannar
 10368 | D:11     | Killed from afar by Fannar

Vault maps used:
D:1:      dpeg_arrival_pond, moated_statue, minmay_misc_feat_hallway,
          minivault_11
D:2:      lemuel_crystal_altar, kiku_gazebo_garden_becter,
          nicolae_overflow_hidden_temple, uniq_jessica
D:3:      nicolae_dithmenos_through_a_glass_darkly, gup_sewer_entry_pipe,
          uniq_iyjb
D:4:      minitemple, cheibriados_altar_1, old_standard_altar, uniq_eustachio,
          uniq_edmund
D:5:      first_bread
D:6:      serial_shops, nicolae_shop_statue_plus
D:7:      minmay_temple_entry_hall
D:8:      uniq_joseph, uniq_erica
D:9:      gammafunk_temple_overflow_statue, serial_shops,
          nicolae_shop_behind_doors
D:10:     dpeg_oklobed_lair, orc_0_dummy
D:11:     hangedman_stone_soup, minmay_dual_archer_statues, uniq_fannar,
          uniq_sonja
Temple:   circular_temple_pool_8

Action                   |  1- 3 |  4- 6 |  7- 9 | 10-12 || total
-------------------------+-------+-------+-------+-------++-------
Melee: Unarmed           |     7 |       |       |       ||     7
       Dagger            |    45 |       |       |       ||    45
       Spear             |     1 |    82 |   162 |    50 ||   295
 Cast: Summon Small Mamm |    33 |       |       |       ||    33
       Call Canine Famil |     4 |    20 |    29 |    23 ||    76
       Call Imp          |       |     9 |    22 |       ||    31
       Summon Lightning  |       |       |    15 |    24 ||    39
       Summon Ice Beast  |       |       |     3 |    20 ||    23
  Use: Scroll            |     6 |       |    13 |     4 ||    23
       Potion            |       |       |    10 |     3 ||    13
 Stab: Distracted        |     1 |     2 |     1 |       ||     4
       Sleeping          |     1 |     5 |    12 |     2 ||    20
  Eat: Chunk             |     1 |     7 |    18 |    10 ||    36
